 Dungeon Crawl Stone Soup version 0.28-a0-245-g639a1a48b9 (webtiles) character file.

Game seed: 16244429356933025583

18062 Colgate the Severer (level 12, 0/110 HPs)
             Began as a Deep Dwarf Berserker on Aug 25, 2021.
             Was a Priest of Trog.
             Slain by Sonja (4 damage)
             ... on level 3 of the Lair of Beasts.
             The game lasted 00:20:48 (10057 turns).

Colgate the Severer (Deep Dwarf Berserker)         Turns: 10057, Time: 00:20:48

Health: 0/110      AC: 17    Str: 26    XL:     12   Next: 24%
Magic:  0/0        EV:  9    Int:  8    God:    Trog [***...]
Gold:   588        SH:  0    Dex: 12    Spells: 11/11 levels left

rFire   . . .      SeeInvis +   Y - +1 battleaxe (chaos)
rCold   . . .      Faith    .   (shield currently unavailable)
rNeg    . . .      Spirit   .   q - +0 plate armour
rPois   .          Reflect  .   m - +1 helmet
rElec   .          Harm     .   p - +0 cloak
rCorr   .          Rampage  .   (no gloves)
Will    +....                   (no boots)
Stlth   ..........              (no amulet)
HPRegen 0.00/turn               k - ring of see invisible
MPRegen 0.07/turn               (no ring)

@: on berserk cooldown, slowed, very slow
A: damage resistance, heal wounds, sense surroundings 2, no regeneration
a: Heal Wounds, Renounce Religion, Berserk, Trog's Hand


You were on level 3 of the Lair of Beasts.
You worshipped Trog.
Trog was most pleased with you.
You visited 2 branches of the dungeon, and saw 12 of its levels.

You collected 588 gold pieces.


Innate Abilities, Weirdness & Mutations

You are resistant to damage.
You can heal yourself by infusing magical energy.
You passively map the area around you.
You do not regenerate.


   Skills:
 - Level 8.0 Fighting
 + Level 15.5 Axes
 - Level 9.0 Armour
 - Level 5.2 Dodging
 + Level 9.3 Evocations


You had 11 spell levels left.
You didn't know any spells.
Your spell library was empty.

Inventory:

Hand Weapons
 n - a +0 dire flail
 Y - a +1 battleaxe of chaos (weapon)
Missiles
 b - 7 silver javelins
 g - 6 javelins
Armour
 e - +0 ice dragon scales
 m - a +1 helmet (worn)
 p - a +0 cloak (worn)
 q - a +0 plate armour (worn)
Jewellery
 d - a ring of ice
 h - an amulet of faith
 k - a ring of see invisible (left hand)
Wands
 f - a wand of flame (18)
Scrolls
 i - 4 scrolls of teleportation
 j - 4 scrolls of identify
Potions
 a - a potion of degeneration {unknown}
 c - 5 potions of curing
 l - a potion of invisibility {unknown}
 o - a potion of might
 u - 2 potions of cancellation

Dungeon Overview and Level Annotations

Branches:
Dungeon (9/15)             Temple (0/1) D:4            Lair (3/6) D:9
  Swamp (0/4) Lair:2        Snake (0/4) Lair:2          Orc (0/2) D:9

Altars:
The Shining One
Jiyva

Shops:
D:3 (

Annotations:
D:4 2 runed translucent doors, Arne's ghost, amateur TrFi
Lair:1 3 runed translucent doors, feta's ghost, journeyman GrEE
Lair:3 Sonja


Message History

Sonja blinks!
You feel a strong urge to attack something.
Sonja hits you but does no damage. Space warps horribly around you!
Sonja hits you but does no damage. Space warps horribly around you!
Sonja hits you but does no damage. Space bends around you.
You completely miss Sonja.
Sonja is lightly wounded.
Sonja closely misses you. Sonja hits you but does no damage.
Space bends around you. Sonja hits you but does no damage.
You miss Sonja.
Sonja is lightly wounded.
Sonja barely misses you. Sonja hits you but does no damage.
Space warps horribly around you!
Sonja hits you with a +1 dagger of distortion.
Space bends around you.
You closely miss Sonja.
Sonja is lightly wounded.
Sonja shouts, "Hah!
Missed me again!"
Sonja hits you with a +1 dagger of distortion.
You blink.
You barely miss Sonja.
Sonja is lightly wounded.
You are no longer berserk.
You are exhausted.
You feel yourself slow down. Sonja barely misses you.
Sonja hits you but does no damage. Space warps horribly around you!!
Sonja hits you but does no damage. Space warps horribly around you!
You barely miss Sonja.
Sonja is lightly wounded.
Sonja hits you but does no damage. Space bends around you.
Sonja closely misses you. Sonja barely misses you.
You slice Sonja!!
Sonja suddenly seems more agile.
Sonja is severely wounded.
Sonja hits you but does no damage. x2; Space bends around you.
Sonja hits you with a +1 dagger of distortion.
Space bends around you. Sonja hits you but does no damage.
Space bends around you. Sonja hits you but does no damage.
Space warps horribly around you! Sonja hits you but does no damage.
Space bends around you.
You die...

### *##*#####.#### ### ########
#######.#.##.#.....###.###.##...P
..<..............................
.................................
..#+#.##........@...........#PP#.
#......#....#...K#.#.P##.........
......................<#...#.....
#......#..................^......
.......#...................#.....
............P..........P...P.....
P..'#..#.........................
...........................#.....
####...........###.#.#PP...#.....


You could see Sonja (agile).

Vanquished Creatures
  A hydra (Lair:2)
  A centaur warrior (D:9)
  A two-headed ogre (D:8)
  2 black mambas (Lair:2)
  6 cane toads
  2 rime drakes
  4 komodo dragons
  A kobold demonologist (D:8)
  A troll (D:9)
  A hornet (D:7)
  5 blink frogs (Lair:2)
  3 wyverns
  18 yaks
  3 basilisks
  An acid dragon (D:8)
  3 swamp worms (Lair:2)
  15 water moccasins
  An orc warrior (D:8)
  An ice beast (D:7)
  2 necrophages
  7 black bears
  An ogre (D:7)
  A centaur (D:7)
  A wolf (Lair:2)
  A phantom (D:5)
  A kobold brigand (D:8)
  6 bullfrogs
  3 scorpions
  A wyvern skeleton (D:4)
  A water moccasin skeleton (D:5)
  4 killer bees (D:9)
  6 wights (D:8)
  2 centaur zombies (D:9)
  A gnoll shaman (D:5)
  3 hounds
  3 orc priests
  2 jellies (D:6)
  A bullfrog skeleton (D:5)
  2 iguanas
  5 orc wizards
  A killer bee zombie (D:6)
  A howler monkey zombie (D:5)
  Robin (D:2)
  7 gnolls (D:5)
  5 adders
  2 ufetubi
  2 adder skeletons (D:4)
  A worm (D:5)
  2 dart slugs
  28 orcs
  4 bats
  5 endoplasms
  A giant cockroach (D:4)
  7 goblins
  16 hobgoblins
  13 kobolds
  2 quokkas (D:4)
  6 ball pythons
  3 frilled lizards
  7 rats
238 creatures vanquished.

Vanquished Creatures (collateral kills)
  3 hydras
  Urug (Lair:1)
  3 blink frogs (Lair:2)
  An orc warrior (D:9)
  2 wolves (Lair:2)
  An orc priest (D:9)
  An iguana (Lair:2)
  An orc wizard (D:9)
  An orc (D:9)
14 creatures vanquished.

Vanquished Creatures (others)
  9 fungi
  28 plants
37 creatures vanquished.

Grand Total: 289 creatures vanquished

Notes
Turn   | Place    | Note
-------+----------+-------------------------------------------
     0 | D:1      | Colgate the Deep Dwarf Berserker began the quest for the
                  | Orb.
     0 | D:1      | Reached XP level 1. HP: 20/20 MP: 1/1
     0 | D:1      | 0 ||| counter = 107
   190 | D:1      | Reached skill level 1 in Evocations
   340 | D:1      | Reached XP level 2. HP: 12/27 MP: 2/2
   409 | D:1      | Found a faded altar of an unknown god.
   815 | D:1      | 815 ||| UPGRADING to +0 ring mail.
   825 | D:1      | 825 ||| DROPPING +0 animal skin.
   826 | D:1      | 826 ||| READING scroll labelled TAIGHU TIAFFI.
   945 | D:2      | Reached skill level 4 in Axes
   968 | D:2      | HP: 6/27 [kobold (2)]
   969 | D:2      | 969 ||| INVOKING Heal Wounds.
  1004 | D:2      | Reached XP level 3. HP: 30/33 MP: 3/3
  1129 | D:2      | Noticed Robin
  1133 | D:2      | 1133 ||| INVOKING Berserk.
  1141 | D:2      | Killed Robin
  1149 | D:2      | Reached ** piety under Trog
  1150 | D:2      | Reached skill level 3 in Evocations
  1542 | D:2      | Reached XP level 4. HP: 33/40 MP: 4/4
  1862 | D:2      | 1862 ||| UPGRADING to +0 helmet of intelligence.
  1867 | D:2      | 1867 ||| READING scroll labelled WEUGOU JEV VAM.
  1871 | D:2      | 1871 ||| DRINKING 2 emerald potions.
  1872 | D:2      | 1872 ||| DRINKING 2 coppery potions.
  1873 | D:2      | 1873 ||| DROPPING potion of flight.
  1984 | D:3      | 1984 ||| INVOKING Heal Wounds.
  2275 | D:3      | Found Wiohoe's Antique Weapon Shop.
  2288 | D:3      | Reached skill level 5 in Axes
  2292 | D:3      | 2292 ||| SHOPLISTING battleaxe (201 gold, have 115).
  2292 | D:3      | 2292 ||| SHOPLISTING glowing hand axe (186 gold, have 115).
  2292 | D:3      | 2292 ||| SHOPLISTING iridescent mace (248 gold, have 115).
  2382 | D:3      | 2382 ||| UPGRADING to ring of see invisible.
  2383 | D:3      | 2383 ||| READING 3 scrolls labelled BYGODUETAO.
  2384 | D:3      | 2384 ||| DROPPING 2 scrolls of amnesia.
  2419 | D:4      | Reached XP level 5. HP: 35/46 MP: 5/5
  2443 | D:4      | Found a runed translucent door.
  2455 | D:4      | Noticed Arne's ghost (amateur TrFi)
  2500 | D:4      | 2500 ||| SWAPPING to +0 war axe.
  2501 | D:4      | 2501 ||| DROPPING +0 whip.
  2502 | D:4      | 2502 ||| DROPPING +0 hand axe.
  2564 | D:4      | Found a runed translucent door.
  2587 | D:4      | 2587 ||| INVOKING Heal Wounds.
  2588 | D:4      | 2588 ||| INVOKING Heal Wounds.
  2602 | D:4      | 2602 ||| INVOKING Berserk.
  2663 | D:4      | 2663 ||| DROPPING +0 flail.
  2821 | D:4      | Found a staircase to the Ecumenical Temple.
  2898 | D:4      | Reached *** piety under Trog
  3143 | D:4      | Reached skill level 6 in Axes
  3227 | D:4      | 3227 ||| INVOKING Heal Wounds.
  3232 | D:4      | Reached XP level 6. HP: 31/55 MP: 6/6
  3399 | D:4      | 3399 ||| UPGRADING to +0 scale mail.
  3409 | D:4      | 3409 ||| DROPPING +0 ring mail.
  3410 | D:4      | 3410 ||| UPGRADING to +0 plate armour.
  3420 | D:4      | 3420 ||| DROPPING +0 scale mail.
  3421 | D:4      | 3421 ||| DROPPING ring of flight.
  3422 | D:4      | 3422 ||| READING scroll labelled WUUTAU ZABBU.
  3423 | D:4      | 3423 ||| READING scroll labelled XUOMEP SOUKHLA.
  3424 | D:4      | 3424 ||| READING scroll labelled DUUHU IKLASO.
  3425 | D:4      | 3425 ||| READING 2 scrolls of identify.
  3425 | D:4      | 3425 ||| IDENTIFYING yellow potion
  3426 | D:4      | 3426 ||| DROPPING potion of brilliance.
  3443 | D:5      | Entered Level 5 of the Dungeon
  3476 | D:5      | 3476 ||| INVOKING Heal Wounds.
  3535 | D:5      | Reached skill level 7 in Axes
  3537 | D:5      | 3537 ||| INVOKING Heal Wounds.
  3538 | D:5      | 3538 ||| INVOKING Heal Wounds.
  3545 | D:5      | Reached skill level 3 in Armour
  3548 | D:5      | 3548 ||| INVOKING Berserk.
  3550 | D:5      | Reached XP level 7. HP: 50/61 MP: 7/7
  3629 | D:5      | 3629 ||| INVOKING Heal Wounds.
  3642 | D:5      | Reached skill level 8 in Axes
  3655 | D:5      | 3655 ||| INVOKING Heal Wounds.
  3658 | D:5      | Reached skill level 3 in Fighting
  3921 | D:5      | Reached skill level 9 in Axes
  3931 | D:5      | 3931 ||| READING scroll labelled RAEN JEDEMU.
  3972 | D:6      | 3972 ||| INVOKING Berserk.
  4089 | D:6      | Reached XP level 8. HP: 41/69 MP: 8/8
  4248 | D:6      | 4248 ||| INVOKING Berserk.
  4326 | D:6      | 4326 ||| INVOKING Heal Wounds.
  4357 | D:6      | 4357 ||| INVOKING Heal Wounds.
  4379 | D:6      | 4379 ||| DROPPING +1 flail of protection.
  4574 | D:6      | 4574 ||| READING scroll labelled EKE CETAACSIDD.
  4575 | D:6      | 4575 ||| READING scroll labelled HEXITEUMYN.
  4628 | D:7      | Noticed a hornet
  4639 | D:7      | Killed a hornet
  4640 | D:7      | Reached skill level 10 in Axes
  4650 | D:7      | 4650 ||| INVOKING Berserk.
  4900 | D:7      | 4900 ||| INVOKING Heal Wounds.
  4973 | D:7      | Gained mutation: You passively map the area around you.
                  | [Deep Dwarf growth]
  4973 | D:7      | Reached XP level 9. HP: 60/79 MP: 9/9
  5072 | D:7      | 5072 ||| READING scroll of enchant weapon.
  5072 | D:7      | 5072 ||| ENCHANTING +1 war axe.
  5108 | D:7      | Reached skill level 11 in Axes
  5598 | D:7      | 5598 ||| READING scroll labelled SAPODU GESTIS.
  5599 | D:7      | 5599 ||| DRINKING 2 bubbling black potions.
  5639 | D:8      | 5639 ||| INVOKING Heal Wounds.
  5649 | D:8      | Reached skill level 3 in Dodging
  5680 | D:8      | Reached **** piety under Trog
  5870 | D:8      | 5870 ||| INVOKING Heal Wounds.
  5883 | D:8      | 5883 ||| INVOKING Heal Wounds.
  5954 | D:8      | 5954 ||| INVOKING Berserk.
  6035 | D:8      | 6035 ||| INVOKING Berserk.
  6037 | D:8      | Reached skill level 6 in Armour
  6215 | D:8      | Noticed a two-headed ogre
  6217 | D:8      | 6217 ||| INVOKING Berserk.
  6223 | D:8      | Killed a two-headed ogre
  6224 | D:8      | Reached skill level 12 in Axes
  6228 | D:8      | 6228 ||| INVOKING Heal Wounds.
  6229 | D:8      | 6229 ||| INVOKING Heal Wounds.
  6516 | D:8      | 6516 ||| INVOKING Berserk.
  6569 | D:8      | 6569 ||| UPGRADING to +1 helmet.
  6579 | D:8      | 6579 ||| DROPPING +0 helmet of intelligence.
  6580 | D:8      | 6580 ||| UPGRADING to +0 cloak.
  6585 | D:8      | 6585 ||| DRINKING 2 red potions.
  6586 | D:8      | 6586 ||| READING 2 scrolls of identify.
  6586 | D:8      | 6586 ||| IDENTIFYING fizzy purple potion
  6587 | D:8      | 6587 ||| DROPPING potion of attraction.
  6618 | D:9      | 6618 ||| STAIRDANCE
  6632 | D:9      | 6632 ||| STAIRDANCE
  6641 | D:9      | 6641 ||| STAIRDANCE
  6651 | D:8      | 6651 ||| INVOKING Heal Wounds.
  6654 | D:9      | 6654 ||| STAIRDANCE
  6658 | D:8      | Reached XP level 10. HP: 78/91 MP: 9/9
  6662 | D:9      | 6662 ||| STAIRDANCE
  6663 | D:9      | Noticed a rust devil
  6673 | D:8      | Reached skill level 6 in Fighting
  6673 | D:8      | 6673 ||| INVOKING Heal Wounds.
  6676 | D:9      | 6676 ||| STAIRDANCE
  6702 | D:8      | 6702 ||| INVOKING Heal Wounds.
  6721 | D:9      | 6721 ||| STAIRDANCE
  6731 | D:9      | 6731 ||| STAIRDANCE
  6748 | D:9      | 6748 ||| DRINKING potion of cancellation.
  6749 | D:9      | Reached ***** piety under Trog
  6750 | D:9      | 6750 ||| INVOKING Heal Wounds.
  6762 | D:9      | Found a staircase to the Lair.
  6779 | D:9      | Reached skill level 13 in Axes
  6801 | D:9      | 6801 ||| INVOKING Heal Wounds.
  6809 | D:9      | 6809 ||| INVOKING Heal Wounds.
  6870 | D:9      | 6870 ||| INVOKING Berserk.
  6873 | D:9      | Found a staircase to the Orcish Mines.
  6897 | D:9      | 6897 ||| INVOKING Brothers in Arms.
  6898 | D:9      | 6898 ||| INVOKING Heal Wounds.
  6907 | D:9      | 6907 ||| INVOKING Heal Wounds.
  6949 | D:9      | 6949 ||| INVOKING Berserk.
  7197 | D:9      | Found a glowing golden altar of the Shining One.
  7232 | D:9      | Noticed a centaur warrior
  7245 | D:9      | Killed a centaur warrior
  7246 | D:9      | 7246 ||| INVOKING Heal Wounds.
  7471 | Lair:1   | Entered Level 1 of the Lair of Beasts
  7472 | Lair:1   | 7472 ||| Entered L.
  7515 | Lair:1   | Noticed a cane toad
  7524 | Lair:1   | 7524 ||| INVOKING Heal Wounds.
  7529 | Lair:1   | Killed a cane toad
  7530 | Lair:1   | Reached skill level 14 in Axes
  7530 | Lair:1   | 7530 ||| INVOKING Heal Wounds.
  7598 | Lair:1   | 7598 ||| INVOKING Berserk.
  7663 | Lair:1   | Found a runed translucent gate.
  7663 | Lair:1   | Found a runed translucent gate.
  7663 | Lair:1   | Found a runed translucent gate.
  7666 | Lair:1   | Found a viscous altar of Jiyva.
  7666 | Lair:1   | Noticed feta's ghost (journeyman GrEE)
  7775 | Lair:1   | Noticed a cane toad
  7782 | Lair:1   | Killed a cane toad
  7783 | Lair:1   | Reached XP level 11. HP: 57/99 MP: 8/8
  7783 | Lair:1   | 7783 ||| INVOKING Heal Wounds.
  7896 | Lair:1   | Noticed an eight-headed hydra
  7897 | Lair:1   | 7897 ||| INVOKING Brothers in Arms.
  7898 | Lair:1   | 7898 ||| INVOKING Brothers in Arms.
  7900 | Lair:1   | 7900 ||| SWAPPING to +0 dire flail.
  7901 | Lair:1   | 7901 ||| INVOKING Berserk.
  7901 | Lair:1   | Killed an eight-headed hydra
  7906 | Lair:1   | 7906 ||| INVOKING Heal Wounds.
  7907 | Lair:1   | 7907 ||| SWAPPING to +2 war axe.
  7938 | Lair:1   | Noticed Urug
  7941 | Lair:1   | 7941 ||| INVOKING Brothers in Arms.
  7945 | Lair:1   | Killed Urug
  8058 | Lair:1   | 8058 ||| INVOKING Berserk.
  8060 | Lair:1   | Reached skill level 9 in Armour
  8067 | Lair:1   | 8067 ||| INVOKING Heal Wounds.
  8134 | Lair:1   | 8134 ||| INVOKING Berserk.
  8456 | Lair:1   | 8456 ||| READING 2 scrolls of identify.
  8456 | Lair:1   | 8456 ||| IDENTIFYING golden potion
  8457 | Lair:1   | 8457 ||| DROPPING potion of ambrosia.
  8488 | Lair:2   | 8488 ||| INVOKING Berserk.
  8545 | Lair:2   | 8545 ||| INVOKING Berserk.
  8594 | Lair:2   | 8594 ||| INVOKING Berserk.
  8602 | Lair:2   | 8602 ||| INVOKING Brothers in Arms.
  8606 | Lair:2   | 8606 ||| INVOKING Heal Wounds.
  8618 | Lair:2   | 8618 ||| INVOKING Heal Wounds.
  8626 | Lair:2   | 8626 ||| INVOKING Heal Wounds.
  8639 | Lair:2   | 8639 ||| INVOKING Berserk.
  8690 | Lair:2   | Reached skill level 15 in Axes
  8805 | Lair:2   | 8805 ||| INVOKING Heal Wounds.
  8834 | Lair:2   | 8834 ||| INVOKING Heal Wounds.
  8840 | Lair:2   | Reached skill level 6 in Evocations
  8846 | Lair:2   | Received a gift from Trog
  8853 | Lair:2   | 8853 ||| INVOKING Heal Wounds.
  8854 | Lair:2   | 8854 ||| INVOKING Trog's Hand.
  8886 | Lair:2   | 8886 ||| SWAPPING to +1 vorpal battleaxe.
  8887 | Lair:2   | 8887 ||| DROPPING +2 war axe.
  8903 | Lair:2   | 8903 ||| INVOKING Berserk.
  8986 | Lair:2   | 8986 ||| INVOKING Berserk.
  8995 | Lair:2   | 8995 ||| INVOKING Brothers in Arms.
  9032 | Lair:2   | Noticed a seven-headed hydra
  9033 | Lair:2   | 9033 ||| INVOKING Brothers in Arms.
  9035 | Lair:2   | 9035 ||| SWAPPING to +0 dire flail.
  9037 | Lair:2   | 9037 ||| INVOKING Berserk.
  9041 | Lair:2   | Killed a seven-headed hydra
  9047 | Lair:2   | 9047 ||| SWAPPING to +1 vorpal battleaxe.
  9048 | Lair:2   | 9048 ||| INVOKING Trog's Hand.
  9175 | Lair:2   | Found a staircase to the Snake Pit.
  9241 | Lair:2   | Reached XP level 12. HP: 69/110 MP: 3/3
  9241 | Lair:2   | 9241 ||| INVOKING Heal Wounds.
  9248 | Lair:2   | 9248 ||| INVOKING Heal Wounds.
  9386 | Lair:2   | 9386 ||| Stepping ~*~*~tactically~*~*~ (water).
  9387 | Lair:2   | 9387 ||| INVOKING Berserk.
  9395 | Lair:2   | 9395 ||| INVOKING Heal Wounds.
  9401 | Lair:2   | 9401 ||| INVOKING Heal Wounds.
  9405 | Lair:2   | 9405 ||| INVOKING Heal Wounds.
  9406 | Lair:2   | 9406 ||| INVOKING Heal Wounds.
  9412 | Lair:2   | 9412 ||| INVOKING Heal Wounds.
  9416 | Lair:2   | Noticed a six-headed hydra
  9417 | Lair:2   | 9417 ||| INVOKING Brothers in Arms.
  9418 | Lair:2   | 9418 ||| INVOKING Brothers in Arms.
  9418 | Lair:2   | Noticed a four-headed hydra
  9419 | Lair:2   | 9419 ||| SWAPPING to +0 dire flail.
  9421 | Lair:2   | 9421 ||| INVOKING Berserk.
  9424 | Lair:2   | Killed a six-headed hydra
  9425 | Lair:2   | Killed a four-headed hydra
  9432 | Lair:2   | 9432 ||| INVOKING Heal Wounds.
  9433 | Lair:2   | 9433 ||| INVOKING Heal Wounds.
  9434 | Lair:2   | 9434 ||| SWAPPING to +1 vorpal battleaxe.
  9458 | Lair:2   | Found a staircase to the Swamp.
  9631 | Lair:2   | 9631 ||| READING scroll labelled OHUVINLASS.
  9632 | Lair:2   | 9632 ||| READING scroll labelled WIFYLADDAO.
  9633 | Lair:2   | 9633 ||| DRINKING 2 sedimented brown potions.
  9634 | Lair:2   | 9634 ||| DRINKING 2 fizzy brown potions.
  9688 | Lair:2   | 9688 ||| DROPPING potion of lignification.
  9720 | Lair:3   | Reached skill level 9 in Evocations
  9720 | Lair:3   | 9720 ||| INVOKING Trog's Hand.
  9721 | Lair:3   | 9721 ||| STAIRDANCE
  9771 | Lair:3   | 9771 ||| INVOKING Trog's Hand.
  9817 | Lair:3   | Noticed Sonja
  9821 | Lair:3   | 9821 ||| INVOKING Berserk.
  9832 | Lair:3   | 9832 ||| INVOKING Heal Wounds.
  9836 | Lair:3   | 9836 ||| INVOKING Heal Wounds.
  9838 | Lair:3   | 9838 ||| INVOKING Trog's Hand.
  9843 | Lair:3   | 9843 ||| INVOKING Heal Wounds.
  9845 | Lair:3   | HP: 23/110 [Sonja (21)]
  9846 | Lair:3   | 9846 ||| DRINKING potion of heal wounds.
  9847 | Lair:3   | 9847 ||| INVOKING Heal Wounds.
  9855 | Lair:3   | 9855 ||| INVOKING Berserk.
  9859 | Lair:3   | 9859 ||| INVOKING Trog's Hand.
  9879 | Lair:3   | 9879 ||| INVOKING Trog's Hand.
 10045 | Lair:3   | 10045 ||| INVOKING Berserk.
 10055 | Lair:3   | HP: 19/110 [Sonja (15)]
 10057 | Lair:3   | HP: 4/110 [Sonja (11)]
 10057 | Lair:3   | Slain by Sonja

Levels and vault maps discovered:
D:1:      tarquinn_simple_flora_water_b, layout_loops_ring,
          chequers_ecumenical_altar_island, roderic_serpentine_path,
          minmay_pentomino_x4
D:2:      layout_loops_corners, moated_statue, dk_noncrumbling_3, minivault_14,
          uniq_robin
D:3:      layout_rooms, serial_shops, nicolae_shop_crystal
D:4:      layout_basic, minmay_temple_entry_stoned_glass, ebering_ghost_sewer_f,
          serial_rivers, chequers_serial_rivers_micro_e,
          chequers_serial_rivers_marsh, chequers_serial_rivers_large_a,
          chequers_serial_rivers_small_a, chequers_serial_rivers_micro_c,
          chequers_decorated_corner
D:5:      layout_rooms, minmay_misc_feat_four_crosses
D:6:      layout_loops_ring
D:7:      layout_basic, serial_bayou_crossing
D:8:      layout_basic
D:9:      layout_loops_cross, tso_altar, minmay_lair_entry_grove, david_orc_3
Lair:1:   layout_regular_city, gammafunk_ghost_ooze, minivault_25,
          beast_lair_carwin_11, uniq_urug
Lair:2:   layout_layer_cave, palyth_hydra_swamp_entry, dummy_snake_entry,
          chequers_serial_rivers_small_3, grunt_megastairs_2
Lair:3:   layout_chaotic_city, uniq_sonja

Skill      XL: |  1  2  3  4  5  6  7  8  9 10 11 12 |
---------------+-------------------------------------+-----
Evocations     | 1 2 3 4 7 9 |  9.3
Axes           | 4 5 6 7 9 10 12 14 15 | 15.5
Armour         | 3 4 5 7 8 9 |  9.0
Fighting       | 3 4 5 6 8 |  8.0
Dodging        | 3 4 5 |  5.2

Action                   |  1- 3 |  4- 6 |  7- 9 | 10-12 || total
-------------------------+-------+-------+-------+-------++-------
Melee: Hand axe          |   130 |   101 |       |       ||   231
       War axe           |       |    70 |   287 |   311 ||   668
       Battleaxe         |       |       |       |   103 ||   103
       Dire flail        |       |       |       |     9 ||     9
Invok: Berserk           |     1 |     2 |     7 |    18 ||    28
       Brothers in Arms  |       |       |       |     7 ||     7
       Trog's Hand       |       |       |       |     7 ||     7
 Abil: Heal Wounds       |     1 |     5 |    11 |    31 ||    48
  Use: Scroll            |     1 |     6 |     6 |     3 ||    16
       Potion            |       |     2 |     2 |     4 ||     8
 Stab: Petrifying        |       |       |       |     1 ||     1
Armor: Animal skin       |     4 |       |       |       ||     4
       Ring mail         |    19 |    44 |       |       ||    63
       Plate armour      |       |    18 |   147 |   324 ||   489
Dodge: Dodged            |    70 |    95 |   104 |   233 ||   502

Table legend:
 A = Non-vault XP
 B = Vault XP
 C = Vault XP percentage of total XP
 D = Non-vault monster count
 E = Vault monster count
 F = Vault count percentage of total count
                 A         B        C        D         E       F
            +---------+---------+-------+---------+---------+-------
      Total |   18230 |    7573 |  29.3 |     204 |      48 |  19.0
            +---------+---------+-------+---------+---------+-------
        D:1 |      22 |       1 |   4.3 |      14 |       1 |   6.7
        D:2 |      56 |      27 |  32.5 |      19 |       7 |  26.9
        D:3 |      86 |       0 |   0.0 |      17 |       0 |   0.0
        D:4 |     268 |       0 |   0.0 |      25 |       0 |   0.0
        D:5 |     827 |       0 |   0.0 |      19 |       0 |   0.0
        D:6 |     434 |       0 |   0.0 |       9 |       0 |   0.0
        D:7 |    1357 |       0 |   0.0 |      11 |       0 |   0.0
        D:8 |    2188 |    1424 |  39.4 |      29 |       8 |  21.6
        D:9 |    2262 |     895 |  28.3 |      16 |      11 |  40.7
     Lair:1 |    2786 |    1181 |  29.8 |      10 |       7 |  41.2
     Lair:2 |    6430 |    4045 |  38.6 |      29 |      14 |  32.6
     Lair:3 |    1514 |       0 |   0.0 |       6 |       0 |   0.0
            +---------+---------+-------+---------+---------+-------
